AoeStats
← vtarchitect1668

Arena

505771366Analyzed
1v1 RM · 22d ago on Sep 11, 2026· 37m 41s· 2 players
Game mode
Random Map
Map size
Tiny (2 player)
Population
200
Speed
Normal
Resources
Standard
Victory
Conquest
Starting age
Dark Age
Ending age
Imperial Age
RankedLock teamsTeams togetherTeam positionsShared explorationLock speedFull tech treeHidden civsTurbo modeCheats
Victory
Defeat
🇲🇽 Turks · Mexico
829
+18
🇮🇳 Byzantines · India
871
-18
iisraelunna
5:16 Loom
10:43 Feudal Age
12:54 Double-Bit Axe
16:54 Castle Age
16:33 Horse Collar
23:40 Imperial Age
23:42 Bow Saw
25:55 Wheelbarrow
38:22 Hand Cart
vtarchitect1668
2:59 Loom
11:10 Feudal Age
12:26 Wheelbarrow
11:37 Double-Bit Axe
11:33 Horse Collar
16:35 Castle Age
15:04 Stone Mining
15:06 Gold Mining
17:31 Hand Cart
29:03 Imperial Age
29:09 Crossbowman
29:10 Elite Skirmisher
35:22 Chemistry
34:43 Padded Archer Armor
34:35 Fletching
35:20 Bow Saw
35:48 Leather Archer Armor
Connection lost

Rejoining the realm…

Still unreachable

The connection could not be restored.

Session expired

The server has moved on; the page needs a fresh start.